 Dungeon Crawl Stone Soup version 0.23-a0-4-g8f018a2 (webtiles) character file.

33709 Loudmushroom the Severer (level 13, 0/175 HPs)
             Began as a Minotaur Berserker on July 31, 2018.
             Was a High Priest of Trog.
             Slain by a fire crab (8 damage)
             ... on level 5 of the Lair of Beasts.
             The game lasted 01:24:01 (19651 turns).

Loudmushroom the Severer (Minotaur Berserker)      Turns: 19651, Time: 01:24:01

Health: 0/175      AC: 11    Str: 33    XL:     13   Next: 38%
Magic:  18/18      EV: 14    Int:  7    God:    Trog [*****.]
Gold:   890        SH:  0    Dex: 13    Spells: 12/12 levels left

rFire    . . .     SeeInvis .   a - +1 battleaxe
rCold    . . .     Gourm    +   (shield currently unavailable)
rNeg     . . .     Faith    .   Y - +0 plate armour
rPois    .         Spirit   .   S - +1 hat {Int+3}
rElec    .         Reflect  .   m - +1 cloak
rCorr    .         Harm     .   v - +1 pair of gloves
MR       .....                  N - +1 pair of boots
Stlth    ..........             X - amulet of the gourmand
HPRegen  0.39/turn              u - ring of stealth
MPRegen  0.16/turn              O - +4 ring of strength

@: berserking (expiring), corroded, very quick
A: retaliatory headbutt, horns 2
a: Berserk, Trog's Hand, Brothers in Arms, Renounce Religion


You were on level 5 of the Lair of Beasts.
You worshipped Trog.
Trog was extremely pleased with you.
You were very full.

You visited 2 branches of the dungeon, and saw 15 of its levels.

You collected 890 gold pieces.

Inventory:

Hand Weapons
 a - a +1 battleaxe (weapon)
 b - a +1 shortbow of freezing
 e - a cursed -2 flail
 j - the +1 mace "Vuamaq" {pain, rF+++ Str+7 Dex-4}
   (You found it on level 9 of the Dungeon)

   In the hands of one skilled in necromantic magic, it inflicts extra damage on
   living creatures.
   It affects your strength (+7).
   It affects your dexterity (-4).
   It renders you almost immune to fire.
 w - a +0 trident of piercing
 F - a +3 shortbow
 L - a +3 morningstar
 M - a cursed -3 shortbow
 W - a +0 blowgun
Missiles
 o - 29 poisoned needles
 y - 166 arrows
 z - 92 bolts
 A - 3 curare-tipped needles
 Q - 2 javelins (quivered)
 T - 2 steel tomahawks
 V - 5 tomahawks
Armour
 m - a +1 cloak (worn)
 v - a +1 pair of gloves (worn)
 N - a +1 pair of boots (worn)
 S - a +1 hat of intelligence (worn)
 Y - a +0 plate armour (worn)
Jewellery
 u - a ring of stealth (left hand)
 B - an uncursed ring of protection from fire
 O - a +4 ring of strength (right hand)
 X - an amulet of the gourmand (around neck)
Wands
 d - a wand of digging (22)
 h - a wand of acid (19)
 s - a wand of flame (25)
 C - a wand of enslavement (2)
 H - a wand of paralysis (18)
 K - a wand of iceblast (27)
Scrolls
 f - 9 scrolls of remove curse
 i - 2 scrolls of immolation
 k - a scroll of blinking
 r - 7 scrolls of identify
 x - 7 scrolls of teleportation
 G - a scroll of fog
 I - 2 scrolls of vulnerability
 J - a scroll of fear {unknown}
 R - a scroll of magic mapping
Potions
 g - 2 potions of might
 n - 5 potions of haste
 p - 2 potions of curing
 q - 2 potions of cancellation
 t - a potion of resistance
 D - 3 potions of mutation
 E - 2 potions of lignification
 P - a potion of heal wounds
 U - 2 potions of agility
Miscellaneous
 Z - a lightning rod (4/4)
Comestibles
 c - 27 rations


   Skills:
 + Level 11.8 Fighting
 * Level 15.8 Axes
 + Level 11.6 Armour
 + Level 10.7 Dodging
 + Level 8.2 Evocations


You had 12 spell levels left.
You didn't know any spells.
Your spell library contained the following spells:

 Spells                   Type           Power        Failure   Level  Hunger
 Magic Dart               Conj           #...         95%         1    ##.....
 Apportation              Tloc           #.....       95%         1    ##.....
 Conjure Flame            Conj/Fire      #.......     100%        3    ####...
 Slow                     Hex            #.......     98%         2    ###....
 Invisibility             Hex            #.......     100%        6    #######
 Mephitic Cloud           Conj/Pois/Air  #.......     100%        3    ####...
 Summon Small Mammal      Summ           #...         95%         1    ##.....
 Blink                    Tloc           N/A          98%         2    ###....
 Animate Skeleton         Necr           N/A          95%         1    ##.....
 Call Imp                 Summ           #.......     98%         2    ###....
 Swiftness                Chrm/Air       #.......     98%         2    ###....
 Confusing Touch          Hex            #.....       95%         1    ##.....
 Passwall                 Tmut/Erth      #.......     98%         2    ###....
 Lee's Rapid Deconstruct  Erth           #.........   100%        5    ######.
 Passage of Golubria      Tloc           N/A          100%        4    #####..
 Darkness                 Hex            #.........   100%        6    #######


Dungeon Overview and Level Annotations

Branches:
Dungeon (10/15)            Temple (0/1) D:7            Lair (5/6) D:8
  Swamp (0/4) Lair:3       Spider (0/4) Lair:3
  Slime: Lair:5-6       Orc: D:9-12

Altars:
Cheibriados
Elyvilon
Makhleb
Okawaru
Qazlal
Ru
Trog
Uskayaw
Vehumet
Xom
Yredelemnul
The Shining One

Shops:
D:5 ?

Annotations:
D:5 2 transporters
D:9 KristoblXynda's ghost, novice NaGl


Innate Abilities, Weirdness & Mutations

You reflexively headbutt those who attack you in melee.
You have a pair of horns on your head.


Message History

The fire crab is heavily wounded.
You are engulfed in blazing flames.
* * * LOW HITPOINT WARNING * * *
The fire crab bites you but does no damage.
The fire crab claws you!
* * * LOW HITPOINT WARNING * * *
You are engulfed in flames!
* * * LOW HITPOINT WARNING * * *
You hit the fire crab but do no damage.
The fire crab is heavily wounded.
You are engulfed in blazing flames.
* * * LOW HITPOINT WARNING * * *
You hit the fire crab but do no damage.
The fire crab is heavily wounded.
You are engulfed in blazing flames.
* * * LOW HITPOINT WARNING * * *
The fire crab bites you.
* * * LOW HITPOINT WARNING * * *
You are engulfed in flames!
You die...

# # # ####
###.§###
.......###########
.#.#.#.'...§§§§§§#
#####..#########@#
# #.## #t# ### #§#
#§# #§# #.# #.#
#.#


You could see a fire crab.

Vanquished Creatures
  Gastronok (D:8)
  An entropy weaver (Lair:5)
  3 hydras
  3 two-headed ogres
  2 fire crabs (Lair:5)
  A manticore (D:9)
  8 elephants
  4 black mambas
  16 spiny frogs
  2 komodo dragons
  A troll (D:8)
  3 jumping spiders (Lair:3)
  Grinder (D:4)
  17 blink frogs
  5 hippogriffs
  A wyvern (D:9)
  A spriggan (D:8)
  2 redbacks (Lair:3)
  26 yaks
  Grum (D:9)
  A basilisk (Lair:1)
  An acid dragon (D:9)
  8 water moccasins
  2 orc warriors (D:10)
  2 sky beasts
  2 black bears
  A necrophage (D:6)
  3 ice beasts
  11 wolves
  9 ogres
  5 centaurs
  8 crocodiles
  2 big kobolds
  10 bullfrogs
  A water moccasin zombie (D:8)
  2 scorpions
  8 wights (D:8)
  4 electric eels
  3 howler monkeys
  A crimson imp (D:6)
  2 jellies
  2 bullfrog zombies
  5 hounds (D:8)
  5 orc wizards
  3 centaur skeletons
  A gnoll shaman (D:7)
  2 orc priests (D:10)
  A bullfrog skeleton (D:7)
  Jessica (D:3)
  Ijyb (D:3)
  2 iguanas
  Natasha (twice) (D:3)
  7 worker ants
  3 hound zombies
  A howler monkey zombie (D:10)
  Robin (D:4)
  4 gnolls
  8 adders
  An adder skeleton (D:9)
  8 worms
  A dart slug (D:2)
  7 leopard geckos
  20 orcs
  A ball python (D:1)
  7 bats
  4 giant cockroaches
  5 goblins
  8 hobgoblins
  8 jackals
  2 quokkas
  A ball python zombie (D:3)
  6 frilled lizards
  A jackal zombie (D:6)
  14 kobolds
  2 leopard gecko skeletons
  A quokka skeleton (D:2)
  7 rats
  2 fungi
  2 plants
342 creatures vanquished.

Vanquished Creatures (others)
  6 fungi
  10 plants
16 creatures vanquished.

Grand Total: 358 creatures vanquished

Notes
Turn   | Place    | Note
-------+----------+-------------------------------------------
     0 | D:1      | Loudmushroom the Minotaur Berserker began the quest for the Orb.
     0 | D:1      | Reached XP level 1. HP: 19/19 MP: 0/0
    34 | D:1      | Reached skill level 4 in Axes
    34 | D:1      | Reached XP level 2. HP: 21/27 MP: 1/1
   721 | D:1      | Reached XP level 3. HP: 33/33 MP: 2/2
  1567 | D:2      | You fall through a shaft for 2 floors!
  1589 | D:4      | Reached XP level 4. HP: 30/40 MP: 3/3
  1792 | D:4      | Found a glowing golden altar of the Shining One.
  1815 | D:4      | Reached skill level 5 in Axes
  2103 | D:4      | Noticed Robin
  2118 | D:4      | Killed Robin
  2118 | D:4      | Reached ** piety under Trog
  2118 | D:4      | Reached XP level 5. HP: 43/47 MP: 4/4
  2385 | D:3      | Noticed Ijyb
  2398 | D:3      | Killed Ijyb
  2539 | D:3      | Noticed Natasha
  2547 | D:3      | Killed Natasha
  3246 | D:3      | Noticed Natasha
  3252 | D:3      | Killed Natasha
  3252 | D:3      | Reached XP level 6. HP: 50/55 MP: 5/5
  3279 | D:3      | Noticed Jessica
  3283 | D:3      | Killed Jessica
  3526 | D:4      | Reached skill level 5 in Fighting
  3526 | D:4      | Reached skill level 6 in Axes
  3564 | D:4      | Noticed Grinder
  3597 | D:4      | Killed Grinder
  3597 | D:4      | Reached XP level 7. HP: 42/61 MP: 6/6
  3901 | D:4      | Found a stormy altar of Qazlal.
  3910 | D:4      | Found a radiant altar of Vehumet.
  3910 | D:4      | Found a snail-covered altar of Cheibriados.
  3911 | D:4      | Found an iron altar of Okawaru.
  3915 | D:4      | Found a hide-covered altar of Uskayaw.
  3916 | D:4      | Found a shimmering altar of Xom.
  4155 | D:4      | Reached skill level 7 in Axes
  4514 | D:5      | Entered Level 5 of the Dungeon
  4596 | D:5      | Found a transporter.
  4605 | D:5      | Reached skill level 5 in Armour
  4635 | D:5      | Found a transporter.
  4828 | D:5      | Reached skill level 1 in Evocations
  4911 | D:5      | Found Uveatsutimm's Magic Scroll Shoppe.
  5048 | D:5      | Reached *** piety under Trog
  5048 | D:5      | Reached XP level 8. HP: 64/70 MP: 8/8
  5272 | D:6      | Reached skill level 8 in Axes
  5272 | D:6      | Reached skill level 5 in Dodging
  5974 | D:7      | Found a staircase to the Ecumenical Temple.
  6082 | D:7      | Reached skill level 9 in Axes
  6425 | D:7      | Reached XP level 9. HP: 79/79 MP: 10/10
  6453 | D:7      | Found a sacrificial altar of Ru.
  6991 | D:8      | Found a staircase to the Lair.
  7003 | D:8      | Noticed a two-headed ogre
  7014 | D:8      | Killed a two-headed ogre
  7014 | D:8      | Reached skill level 10 in Axes
  7611 | D:8      | Reached **** piety under Trog
  7661 | D:8      | Noticed a two-headed ogre
  7669 | D:8      | Killed a two-headed ogre
  7669 | D:8      | Reached skill level 11 in Axes
  7669 | D:8      | Reached XP level 10. HP: 70/88 MP: 12/12
  8036 | D:8      | Noticed Gastronok
  8054 | D:8      | Killed Gastronok
  8054 | D:8      | Reached skill level 5 in Evocations
  8222 | D:8      | Found a basalt altar of Yredelemnul.
  8284 | D:8      | Found a white marble altar of Elyvilon.
  8572 | D:9      | Found a burning altar of Makhleb.
  8599 | D:9      | Noticed Grum
  8605 | D:9      | Reached skill level 12 in Axes
  8618 | D:9      | Killed Grum
  8892 | D:9      | Noticed a two-headed ogre
  8896 | D:9      | Killed a two-headed ogre
  8896 | D:9      | Reached XP level 11. HP: 97/97 MP: 12/14
  9709 | D:9      | Found a runed door.
  9710 | D:9      | Noticed KristoblXynda's ghost (novice NaGl)
 10043 | D:9      | Found a bloodstained altar of Trog.
 10121 | D:9      | Got a jewelled mace
 10189 | D:9      | Found the +6 shillelagh "Devastator" {shatter}
 10272 | D:10     | Entered Level 10 of the Dungeon
 11364 | Lair:1   | Entered Level 1 of the Lair of Beasts
 11420 | Lair:1   | Identified the +1 mace "Vuamaq" {pain, rF+++ Str+7 Dex-4} (You found it on level 9 of the Dungeon)
 11431 | Lair:1   | Reached skill level 13 in Axes
 12023 | Lair:1   | Reached skill level 10 in Fighting
 13180 | Lair:2   | Reached skill level 10 in Armour
 13684 | Lair:2   | Reached XP level 12. HP: 73/107 MP: 15/15
 13872 | Lair:2   | Reached skill level 14 in Axes
 14240 | Lair:2   | Noticed a six-headed hydra
 14250 | Lair:2   | Killed a six-headed hydra
 14620 | Lair:2   | Reached ***** piety under Trog
 14813 | Lair:2   | Noticed a four-headed hydra
 14820 | Lair:2   | Killed a four-headed hydra
 15456 | Lair:3   | Reached skill level 10 in Dodging
 16016 | Lair:3   | Found a staircase to the Swamp.
 16105 | Lair:3   | Reached skill level 15 in Axes
 16874 | Lair:3   | Found a hole to the Spider Nest.
 16917 | Lair:3   | Reached XP level 13. HP: 60/116 MP: 17/17
 19200 | Lair:5   | Found a runed door.
 19632 | Lair:5   | Noticed an entropy weaver
 19646 | Lair:5   | Killed an entropy weaver
 19651 | Lair:5   | HP: 8/175 [fire crab (1)]
 19651 | Lair:5   | Slain by a fire crab

Vault maps used:
D:1:      dpeg_arrival_refuge, serial_bayou_pond_d, minmay_octomino_j4
D:2:      first_ration
D:3:      minivault_14, minmay_misc_feat_cross, uniq_jessica, uniq_natasha,
          uniq_ijyb
D:4:      minitemple, kennysheep_mini_moat, uniq_grinder, uniq_robin
D:5:      gammafunk_steamed_eel, serial_shops, shop
D:7:      marbit_many_paths, minmay_temple_entry_overgrown
D:8:      kennysheep_ying_yang, erik_lair_island, the_bakery,
          minmay_misc_feat_tower, uniq_gastronok
D:9:      tgw_trog, ebering_ghost_inner_flame, serial_glass, glass_columns_b,
          glass_columns_b, glass_columns_a, glass_columns_b, glass_columns_c,
          glass_columns_a, glass_columns_a, glass_columns_b, glass_columns_b,
          glass_columns_c, bloody_makhleb, uniq_grum
Lair:1:   serial_bayou_lake_a, lemuel_fruit_fields
Lair:2:   cheibrodos_lair_river_kwai
Lair:3:   swamp_mist, nicolae_spider_entry_tight_spaces, serial_bayou_shore_a
Lair:5:   gammafunk_mikee_crab_dinner, slime_dummy, kennysheep_abandoned_house

Skill      XL: |  1  2  3  4  5  6  7  8  9 10 11 12 13 |
---------------+----------------------------------------+-----
Axes           | 4 5 6 7 9 11 12 13 15 | 15.8
Fighting       | 4 5 6 7 8 9 10 11 | 11.8
Armour         | 3 4 5 6 7 8 10 11 | 11.6
Dodging        | 3 4 5 7 8 9 10 | 10.7
Evocations     | 1 2 4 5 6 7 8 |  8.2

Action                   |  1- 3 |  4- 6 |  7- 9 | 10-12 | 13-15 || total
-------------------------+-------+-------+-------+-------+-------++-------
Melee: Hand axe          |    61 |   132 |   161 |       |       ||   354
       Headbutt          |     9 |    26 |    52 |   127 |    24 ||   238
       War axe           |       |       |    76 |   197 |       ||   273
       Battleaxe         |       |       |       |   250 |    78 ||   328
       Morningstar       |       |       |       |     7 |    16 ||    23
 Fire: Hunting sling     |       |       |    34 |       |       ||    34
       Shortbow          |       |       |       |    75 |       ||    75
Throw: Stone             |       |       |     5 |       |       ||     5
Invok: Trog's Hand       |       |     3 |       |     4 |       ||     7
       Berserk           |       |       |     5 |     7 |     2 ||    14
Evoke: Wand              |       |       |     2 |     3 |       ||     5
  Use: Scroll            |       |       |    11 |    21 |       ||    32
       Potion            |       |       |       |     1 |       ||     1
  Eat: Chunk             |     2 |     7 |    14 |    43 |     8 ||    74
       Ration            |       |       |     1 |     2 |       ||     3
Armor: Ring mail         |    17 |    30 |       |       |       ||    47
       Chain mail        |       |    19 |   117 |    95 |       ||   231
       Plate armour      |       |       |       |   218 |    74 ||   292
Dodge: Dodged            |    27 |    58 |   105 |   327 |    92 ||   609

Table legend:
 A = Spawn XP
 B = Non-spawn XP
 C = Spawn XP percentage of total XP
 D = Spawn monster count
 E = Non-spawn monster count
 F = Spawn count percentage of total count
 G = Total turns spent on level
                    A         B        C        D         E        F      G
               +---------+---------+-------+---------+---------+-------+---------
         Total |       0 |   48156 |   0.0 |       0 |     338 |   0.0 | 19651
               +---------+---------+-------+---------+---------+-------+---------
           D:1 |       0 |      42 |   0.0 |       0 |      18 |   0.0 |   817
           D:2 |       0 |      30 |   0.0 |       0 |      15 |   0.0 |  1005
           D:3 |       0 |     210 |   0.0 |       0 |      28 |   0.0 |   865
           D:4 |       0 |     660 |   0.0 |       0 |      20 |   0.0 |  1827
           D:5 |       0 |     555 |   0.0 |       0 |      12 |   0.0 |   697
           D:6 |       0 |     431 |   0.0 |       0 |      13 |   0.0 |   583
           D:7 |       0 |     983 |   0.0 |       0 |      24 |   0.0 |   841
           D:8 |       0 |    6483 |   0.0 |       0 |      32 |   0.0 |  1877
           D:9 |       0 |    3955 |   0.0 |       0 |      28 |   0.0 |  1805
          D:10 |       0 |    1176 |   0.0 |       0 |      31 |   0.0 |  1051
        Lair:1 |       0 |    4943 |   0.0 |       0 |      24 |   0.0 |  1702
        Lair:2 |       0 |   10503 |   0.0 |       0 |      30 |   0.0 |  2192
        Lair:3 |       0 |    8454 |   0.0 |       0 |      33 |   0.0 |  2475
        Lair:4 |       0 |    4047 |   0.0 |       0 |      14 |   0.0 |  1168
        Lair:5 |       0 |    5684 |   0.0 |       0 |      16 |   0.0 |   746
               +---------+---------+-------+---------+---------+-------+---------
